 Dungeon Crawl Stone Soup version 0.22-a0-480-g991dd4b (webtiles) character file.

16 stealthycow the Chopper (level 2, -4/27 HPs)
             Began as a Minotaur Berserker on June 14, 2018.
             Was a Follower of Trog.
             Slain by Sigmund
             ... wielding a +0 scythe
              (9 damage)
             ... on level 2 of the Dungeon.
             The game lasted 00:01:31 (1196 turns).

stealthycow the Chopper (Minotaur Berserker)        Turns: 1196, Time: 00:01:32

Health: -4/27      AC:  8    Str: 21    XL:     2   Next: 37%
Magic:  1/1        EV:  8    Int:  4    God:    Trog [*.....]
Gold:   23         SH:  0    Dex:  9    Spells: 1/1 levels left

rFire    . . .     SeeInvis .   a - +0 hand axe
rCold    . . .     Gourm    .   (no shield)
rNeg     . . .     Faith    .   i - +0 chain mail
rPois    .         Spirit   .   (helmet restricted)
rElec    .         Reflect  .   (no cloak)
rCorr    .         Harm     .   (no gloves)
MR       .....                  (no boots)
Stlth    ..........             (no amulet)
HPRegen  0.09/turn              (no ring)
MPRegen  0.07/turn              (no ring)

@: berserk cooldown, slowed, very slow
A: retaliatory headbutt, horns 2
a: Berserk, Renounce Religion


You were on level 2 of the Dungeon.
You worshipped Trog.
Trog was aware of your devotion.
You were hungry.

You visited 1 branch of the dungeon, and saw 2 of its levels.

You collected 23 gold pieces.

Inventory:

Hand Weapons
 a - a +0 hand axe (weapon)
Armour
 i - a +0 chain mail (worn)
Scrolls
 d - 2 scrolls of identify {unknown}
 f - a scroll of immolation {unknown}
Potions
 e - a potion of mutation {unknown}
 g - a potion of curing {unknown}
 h - a potion of agility {unknown}
Comestibles
 c - 2 rations


   Skills:
 + Level 3.8 Fighting
 * Level 4.0 Axes
 + Level 2.7 Armour
 + Level 2.4 Dodging


You had one spell level left.
You didn't know any spells.
Your spell library was empty.

Dungeon Overview and Level Annotations

Branches:
Dungeon (2/15)

Altars:

Annotations:
D:2 Sigmund


Innate Abilities, Weirdness & Mutations

You reflexively headbutt those who attack you in melee.
You have a pair of horns on your head.


Message History

You closely miss Sigmund.
Sigmund is lightly wounded.
You completely miss the giant cockroach.
Your chain mail prevents you from hitting the frilled lizard.
The frilled lizard barely misses you. The giant cockroach misses you.
Sigmund points at you and mumbles some strange words.
The magic dart hits you!
* * * LOW HITPOINT WARNING * * *
The frilled lizard barely misses you.
The giant cockroach bites you but does no damage.
You hit Sigmund.
Sigmund is moderately wounded.
You slash the frilled lizard!
You kill the frilled lizard!
Trog accepts your kill.
You closely miss the giant cockroach.
The giant cockroach bites you but does no damage.
Sigmund says, "Don't worry, I'll kill you fast."
Sigmund hits you with a scythe!
You die...

#.# #.#
#.# #.#
#.#
##.#####
#.<....#
#....@.#
#....)@#
#(....s#
#.......g
#...$..###
#......#
#......#
#.......
..#####.


You could see Sigmund and a giant cockroach.

Vanquished Creatures
  A dart slug (D:1)
  A bat (D:1)
  2 goblins (D:1)
  3 hobgoblins (D:1)
  2 kobolds
  3 frilled lizards
  A rat (D:1)
13 creatures vanquished.

Notes
Turn   | Place    | Note
-------+----------+-------------------------------------------
     0 | D:1      | stealthycow the Minotaur Berserker began the quest for the Orb.
     0 | D:1      | Reached XP level 1. HP: 19/19 MP: 0/0
   351 | D:1      | Reached XP level 2. HP: 5/27 MP: 1/1
   602 | D:1      | Reached skill level 4 in Axes
  1184 | D:2      | Noticed Sigmund
  1196 | D:2      | Slain by Sigmund

Vault maps used:
D:1:      mrwooster_arrival_statue_2
D:2:      first_ration, uniq_sigmund

Skill      XL: |  1  2 |
---------------+-------+-----
Axes           | 4 |  4.0
Fighting       | |  3.8
Armour         | |  2.7
Dodging        | |  2.4

Action                   || total
-------------------------++-------
Melee: Hand axe          ||    27
       Headbutt          ||     2
Invok: Berserk           ||     1
  Eat: Chunk             ||     1
Armor: Animal skin       ||     4
       Chain mail        ||     9
Dodge: Dodged            ||    15

Table legend:
 A = Spawn XP
 B = Non-spawn XP
 C = Spawn XP percentage of total XP
 D = Spawn monster count
 E = Non-spawn monster count
 F = Spawn count percentage of total count
 G = Total turns spent on level
                    A         B        C        D         E        F      G
               +---------+---------+-------+---------+---------+-------+---------
         Total |       0 |      23 |   0.0 |       0 |      13 |   0.0 |  1196
               +---------+---------+-------+---------+---------+-------+---------
           D:1 |       0 |      21 |   0.0 |       0 |      11 |   0.0 |  1184
           D:2 |       0 |       2 |   0.0 |       0 |       2 |   0.0 |    12
               +---------+---------+-------+---------+---------+-------+---------
